 Dungeon Crawl Stone Soup version 0.21-a0-426-g98080a9 (webtiles) character file.

7 Gorice the Sneak (level 1, 0/13 HPs)
             Began as a Demonspawn Wanderer on Nov 5, 2017.
             Slain by an ooze (4 damage)
             ... on level 1 of the Dungeon.
             The game lasted 00:01:28 (185 turns).

Gorice the Sneak (Demonspawn Wanderer)               Turns: 185, Time: 00:01:28

Health: 0/13       AC:  2    Str: 15    XL:     1   Next: 83%
Magic:  1/1        EV: 11    Int: 13    God:
Gold:   17         SH:  0    Dex:  9    Spells: 0/0 levels left

rFire    . . .     SeeInvis .   a - +2 dagger
rCold    . . .     Gourm    .   (no shield)
rNeg     . . .     Faith    .   e - +0 robe
rPois    .         Spirit   .   (no helmet)
rElec    .         Reflect  .   (no cloak)
rCorr    .         Harm     .   (no gloves)
MR       .....                  (no boots)
Stlth    ++........             (no amulet)
HPRegen  0.04/turn              (no ring)
MPRegen  0.07/turn              (no ring)

@: no status effects
A: no striking features
a: no special abilities


You were on level 1 of the Dungeon.
You were not hungry.

You visited 1 branch of the dungeon, and saw 1 of its levels.

You collected 17 gold pieces.

Inventory:

Hand Weapons
 a - a +2 dagger (weapon)
 c - a +0 hand axe
Missiles
 h - 3 tomahawks (quivered)
Armour
 e - a +0 robe (worn)
Potions
 b - a potion of haste {!q}
 d - a potion of curing
Comestibles
 f - a bread ration {!e}
 g - 2 royal jellies
 i - 3 chunks of flesh


   Skills:
 * Level 2.4 Axes
   Level 1.0 Staves
 - Level 1.0 Throwing
 - Level 2.6 Armour
 - Level 2.6 Stealth


You couldn't memorise any spells.
You didn't know any spells.

Dungeon Overview and Level Annotations

Branches:
Dungeon (1/15)

Altars:


Message History

No target in view!
No target in view!
You see here a frilled lizard corpse.
You butcher the frilled lizard corpse.
i - 2 chunks of flesh (gained 1)
A frilled lizard comes into view.
The helpless frilled lizard fails to defend itself.
You puncture the frilled lizard!
You kill the frilled lizard!
No target in view!
No target in view!
You see here a frilled lizard corpse.
You butcher the frilled lizard corpse.
i - 3 chunks of flesh (gained 1)
You see here a frilled lizard skeleton.
Found a leather armour.
A kobold comes into view.
The kobold shouts!
A kobold comes into view.
You see here 15 gold pieces.
The kobold closely misses you.
You hit the kobold.
You kill the kobold!
A giant cockroach comes into view.
Found a smoky sapphire potion.
An ooze and a kobold come into view.
The kobold hits you.
The ooze quivers.
The kobold shouts!
You hit the kobold.
You kill the kobold!
You hear a shout!
You barely miss the ooze. The ooze misses you.
The kobold hits you with a dagger.
Damage: 1 (max 1)
The ooze hits you but does no damage.
You hit the ooze but do no damage. The ooze hits you.
* * * LOW HITPOINT WARNING * * *
The kobold misses you.
Damage: 4 (max 4)
You are too injured to fight recklessly!
You are too injured to fight recklessly!
You are too injured to fight recklessly!
You are too injured to fight recklessly!
You are too injured to fight recklessly!
You are too injured to fight recklessly!
You are too injured to fight recklessly!
You are too injured to fight recklessly!
You hit the ooze but do no damage. The ooze hits you.
You die...

#.#..##.# #.## #.# ##
#.#..##.####..###.####
#.#..##...##..........
.
#.#...........#######+
.. ##.#$..#.##.#..#
#..
###.##.[...#........#
#..
...........K#######.#
###.. #........#J# #.#
#.... #.....†..#@#
#.####....
#........#.#
#.#.......
#........#.# #......⌠
#!...######.# #.......
#.... ### ####....
#... #.... .... ###..
#.. #..


You could see an ooze and a kobold.

Vanquished Creatures
  2 bats (D:1)
  2 frilled lizards (D:1)
  2 kobolds (D:1)
  2 rats (D:1)
8 creatures vanquished.

Notes
Turn   | Place    | Note
-------+----------+-------------------------------------------
     0 | D:1      | Gorice the Demonspawn Wanderer began the quest for the Orb.
     0 | D:1      | Gorice set off with: a +2 dagger, a potion of haste {!q}, a +0 hand axe, a potion of curing, a +0 robe, a bread ration {!e}
     0 | D:1      | Reached XP level 1. HP: 13/13 MP: 1/1
    34 | D:1      | Reached skill level 2 in Axes
   185 | D:1      | Slain by an ooze

Vault maps used:
D:1:      minmay_arrival_cross

Skill      XL: |  1 |
---------------+----+-----
Axes           | 2 |  2.4
Staves         | |  1.0
Throwing       | |  1.0
Armour         | |  2.6
Stealth        | |  2.6

Action                   || total
-------------------------++-------
Melee: Dagger            ||    24
 Stab: Sleeping          ||     2
Armor: Robe              ||    13
Dodge: Dodged            ||    17

Table legend:
 A = Spawn XP
 B = Non-spawn XP
 C = Spawn XP percentage of total XP
 D = Spawn monster count
 E = Non-spawn monster count
 F = Spawn count percentage of total count
 G = Total turns spent on level
                    A         B        C        D         E        F      G
               +---------+---------+-------+---------+---------+-------+---------
         Total |       0 |      10 |   0.0 |       0 |       8 |   0.0 |   185
               +---------+---------+-------+---------+---------+-------+---------
           D:1 |       0 |      10 |   0.0 |       0 |       8 |   0.0 |   185
               +---------+---------+-------+---------+---------+-------+---------

Table legend:
 A = Turns spent in this place as a percentage of turns spent in the entire game.
 B = Non-inter-level travel turns spent in this place as a percentage of non-inter-level travel turns spent in the entire game.
 C = Inter-level travel turns spent in this place as a percentage of turns spent in this place.
 D = Turns resting spent in this place as a percentage of non-inter-level travel turns spent in this place.
 E = Turns spent auto-exploring this place as a percentage of non-inter-level travel turns spent in this place.
 F = Non-inter-level travel turns spent in this place divided by the number of levels of this place that you've seen.
                   A       B       C       D       E      F
               +-------+-------+-------+-------+-------+----------------------
         Total | 100.0 | 100.0 |   0.0 |   0.0 |  42.2 | 185.0
       Dungeon | 100.0 | 100.0 |   0.0 |   0.0 |  42.2 | 185.0
               +-------+-------+-------+-------+-------+----------------------

Vault maps used:
D:1:      minmay_arrival_cross
